 Dungeon Crawl Stone Soup version 0.31-a0-876-gfe8ebadbca (webtiles) character file.

Game seed: 6096532076115940634

169 Azuregosa the Covert (level 5, -10/36 HPs)
             Began as an Octopode Delver on Oct 13, 2023.
             Killed by divine providence
             ... invoked by an orc priest
              (12 damage)
             ... on level 3 of the Dungeon.
             The game lasted 00:03:16 (878 turns).

Azuregosa the Covert (Octopode Delver)               Turns: 878, Time: 00:03:17

Health: -10/36     AC:  1    Str: 11    XL:     5   Next: 50%
Magic:  5/5        EV: 13    Int: 14    God:
Gold:   104        SH:  0    Dex: 14    Spells: 4/4 levels left

rFire   . .          .
                       - Unarmed
rCold   . . .        (no shield)
rNeg    . . .        (helmet restricted)
rPois   .            (no amulet)
rElec   .            (no ring)
rCorr   .            (no ring)
SInv    .            (no ring)
Will    .....        (no ring)
Stlth   +++++        (no ring)
HPRegen 0.26/turn    (no ring)
MPRegen 0.09/turn    (no ring)
                     (no ring)

%: no passive effects
@: no status effects
A: almost no armour, amphibious, 8 rings, camouflage 1, gelatinous body 1,
(nimble swimmer 1), tentacles
a: no special abilities


You were on level 3 of the Dungeon.
You visited 1 branch of the dungeon, and saw 4 of its levels.

You collected 104 gold pieces.

Inventory:

Wands
 e - a wand of digging (3)
Scrolls
 a - a scroll of fog
 b - a scroll of amnesia {unknown}
 c - a scroll of fear
 f - 2 scrolls of identify {unknown}
 g - 2 scrolls of teleportation {unknown}
Potions
 d - a potion of haste


   Skills:
 + Level 3.0 Fighting
 - Level 2.0 Dodging
 - Level 10.0 Stealth
 - Level 2.0 Unarmed Combat


You had 4 spell levels left.
You didn't know any spells.
Your spell library was empty.

Dungeon Overview and Level Annotations

Branches:
Dungeon (6/15)
 Temple: D:4-7

Altars:


Innate Abilities, Weirdness & Mutations

You cannot wear most types of armour.
You are amphibious.
You can wear up to eight rings at the same time.
Your skin changes colour to match your surroundings (Stealth+).
Your rubbery body absorbs attacks. (AC +1, EV +1)
((You are camouflaged when in or above water. (Stealth+)))
You have tentacles for arms and can constrict up to eight enemies at once.


Message History

Found 9 stones.
Found a ring mail and a glowing emerald potion.
An orc priest comes into view. It is wielding a +0 club.
An orc and 2 orc priests come into view.
An orc and a worm come into view.
Found a scroll labelled GUF TERHIERU.
The orc shouts!
The orc priest shouts! x3; The orc shouts!
The orc priest barely misses you. The orc priest misses you.
You hear an angry hiss.
You tentacle-slap the orc priest but do no damage.
Your grab misses the orc priest. The orc priest hits you with a +0 club.
The orc priest closely misses you.
The orc priest invokes the aid of Beogh against you.
Beogh smites you!
You tentacle-slap the orc priest. You grab the orc priest.
The orc priest is lightly wounded.
You constrict the orc priest. The orc priest barely misses you.
You barely miss the orc priest.
The orc priest is lightly wounded.
You constrict the orc priest. The orc priest hits you with a +0 club.
You tentacle-slap the orc priest but do no damage.
Your squeeze misses the orc priest.
The orc priest is lightly wounded.
You constrict the orc priest.
The orc priest invokes the aid of Beogh against you.
Pain shoots through your body!
You tentacle-slap the orc priest.
The orc priest is heavily wounded.
You constrict the orc priest.
The orc priest invokes the aid of Beogh against you.
Beogh smites you!
* * * LOW HITPOINT WARNING * * *
You release your grip on the orc priest.
The orc priest mumbles some strange prayers to Beogh against you.
You barely resist.
The orc priest calls upon Beogh to heal the orc priest.
The orc priest is healed somewhat.
The orc priest invokes the aid of Beogh against you.
Beogh smites you!
You die...

#.# #.# #.#
#.# #.. #.#
#.# ### #.#
#.# #.# #
####.#####.#
##.........[.
#......(.##.#
#...@....#
#........##.#
#...........#
#.##.##.##..#
#. #o# .# !.#
#?.ooo.......
####o...##..
#....#
#......


You could see 3 orc priests and 2 orcs.

Vanquished Creatures
  A scorpion (D:4)
  2 jellies (D:5)
  4 adders
  2 orcs (D:3)
  2 ball pythons
  2 endoplasms (D:4)
  A hobgoblin (D:4)
  3 jackals (D:5)
  2 quokkas
  A rat (D:3)
20 creatures vanquished.

Notes
Turn   | Place    | Note
-------+----------+-------------------------------------------
     0 | D:5      | Azuregosa the Octopode Delver began the quest for the Orb.
     0 | D:5      | Reached XP level 1. HP: 16/16 MP: 1/1
    38 | D:5      | Noticed a jelly
    40 | D:5      | Noticed a jelly
    49 | D:6      | Reached skill level 7 in Stealth
    49 | D:6      | Reached XP level 2. HP: 21/21 MP: 2/2
    63 | D:5      | Reached skill level 8 in Stealth
    63 | D:5      | Reached XP level 3. HP: 21/26 MP: 3/3
    74 | D:5      | Reached XP level 4. HP: 4/31 MP: 4/4
   308 | D:5      | Noticed a scorpion
   418 | D:4      | Noticed a scorpion
   425 | D:4      | Killed a scorpion
   426 | D:4      | Reached skill level 9 in Stealth
   426 | D:4      | Reached XP level 5. HP: 21/36 MP: 5/5
   745 | D:4      | Reached skill level 10 in Stealth
   758 | D:4      | Noticed a centaur
   875 | D:3      | HP: 1/36 [orc priest/divine providence (10)]
   878 | D:3      | Killed from afar by an orc priest

Illustrated notes

Levels and vault maps discovered:
D:3:      layout_loops_ring, chequers_temple_overflow_minitemple,
          hangedman_abyss_or_decor_lesser_grid, nicolae_wormholes, uniq_ijyb
D:4:      layout_cave_pools, nzn_hepliaklqana_mist_gate, roderic_roman_lattice,
          minmay_snake_closets, uniq_grinder
D:5:      layout_loops_cross, serial_shops, shop, shop,
          nicolae_shop_bloodbath_and_beyond
D:6:      layout_cave_pods, palyth_temple_overflow_mages, amcnicky_altar_gilded,
          zin_scriptorium

Skill      XL: |  1  2  3  4  5 |
---------------+----------------+-----
Stealth        | 7 8 9 10 | 10.0
Fighting       | |  3.0
Dodging        | |  2.0
Unarmed Combat | |  2.0

Action                     |  1- 3 |  4- 6 || total
---------------------------+-------+-------++-------
  Melee: Unarmed           |    11 |    43 ||    54
         Tentacles         |     1 |    10 ||    11
         Constrict         |       |    12 ||    12
         Punch             |       |     1 ||     1
    Use: Scroll            |       |     1 ||     1
   Stab: Sleeping          |     3 |     5 ||     8
 Armour: Skin              |     2 |    17 ||    19
  Dodge: Dodged            |     6 |    30 ||    36

Table legend: (Time is in decaauts)
 A = Elapsed time spent in this place.
 B = Non-inter-level travel time spent in this place.
 C = Inter-level travel time spent in this place.
 D = Time resting spent in this place.
 E = Time spent auto-exploring this place.
 F = Levels seen in this place.
 G = Mean time per level.
                   A        B        C        D        E       F      G
               +--------+--------+--------+--------+--------+-----+--------+
         Total |    876 |    876 |      0 |    459 |    112 |   4 |  219.0 |
       Dungeon |    876 |    876 |      0 |    459 |    112 |   4 |  219.0 |
               +--------+--------+--------+--------+--------+-----+--------+

Top non-repeatable levels by time:
     D:4: 406 daAuts
     D:5: 317 daAuts
     D:3: 138 daAuts
     D:6: 12 daAuts
